 Dungeon Crawl Stone Soup version 0.26-a0-651-gb41185065b (webtiles) character file.

Game seed: 12353150443044890624

91 thulahn the Skirmisher (level 4, -1/40 HPs)
             Began as a Hill Orc Fighter on Oct 5, 2020.
             Slain by Sigmund
             ... wielding a +0 scythe
              (2 damage)
             ... on level 3 of the Dungeon.
             The game lasted 00:09:45 (1790 turns).

thulahn the Skirmisher (Hill Orc Fighter)           Turns: 1790, Time: 00:09:46

Health: -1/40      AC:  8    Str: 17 (19) XL:     4   Next: 59%
Magic:  4/4        EV:  7    Int:  7 (8)  God:
Gold:   26         SH:  0    Dex:  9 (10) Spells: 3/3 levels left

rFire    . . .     SeeInvis .   a - +0 war axe
rCold    . . .     Faith    .   c - +0 kite shield
rNeg     . . .     Spirit   .   b - +0 scale mail
rPois    .         Reflect  .   d - +0 helmet
rElec    .         Harm     .   (no cloak)
rCorr    .         Rampage  .   (no gloves)
MR       .....                  (no boots)
Stlth    ..........             (no amulet)
HPRegen  0.13/turn              (no ring)
MPRegen  0.09/turn              (no ring)

@: confused, lightly drained
A: no striking features
a: no special abilities


You were on level 3 of the Dungeon.
You visited 1 branch of the dungeon, and saw 3 of its levels.

You collected 26 gold pieces.

Inventory:

Hand Weapons
 a - a +0 war axe (weapon)
 i - a +0 mace of draining
Missiles
 j - 20 poisoned darts (quivered)
Armour
 b - a +0 scale mail (worn)
 c - a +0 kite shield (worn)
 d - a +0 helmet (worn)
Scrolls
 h - a scroll of remove curse


   Skills:
 + Level 4.1 Fighting
 + Level 4.0 Axes
 + Level 4.0(3.9) Armour
 + Level 0.4(0.3) Stealth
 + Level 4.0(3.9) Shields


You had 3 spell levels left.
You didn't know any spells.
Your spell library was empty.

Dungeon Overview and Level Annotations

Branches:
Dungeon (3/15)

Altars:

Annotations:
D:3 Sigmund


Message History

You slash something! Something hits you but does no damage.
You closely miss something. Something hits you.
* * * LOW HITPOINT WARNING * * *
You float gracefully downwards.
You hear some strange, mumbled words.
You are confused.
Something hits you.
* * * LOW HITPOINT WARNING * * *
You see here a trident.
Something hits you but does no damage.
You hear some strange, mumbled words.
You are more confused.
Something hits you.
* * * LOW HITPOINT WARNING * * *
You're too confused to move!
You miss something.
You hear some strange, mumbled words.
Something tries to affect you, but you resist.
Something hits you.
You die...

#........#
#..##.####
########...#†#
...........#.#
########...#.#
#...#.##### #
#..........
#...######.).#######
+.>........@.<......
#..............?....
#(..######....######
#.. #....# # #....#
#....# #....# #.....


There were no monsters in sight!

Vanquished Creatures
  Robin (D:2)
  2 adders (D:2)
  A worm (D:2)
  2 dart slugs
  2 leopard geckos
  7 giant cockroaches
  11 goblins
  7 hobgoblins
  5 kobolds
  4 bats
  2 frilled lizards (D:2)
  10 rats
54 creatures vanquished.

Notes
Turn   | Place    | Note
-------+----------+-------------------------------------------
     0 | D:1      | thulahn the Hill Orc Fighter began the quest for the Orb.
     0 | D:1      | Reached XP level 1. HP: 19/19 MP: 1/1
   137 | D:1      | Reached XP level 2. HP: 27/27 MP: 2/2
   951 | D:2      | Noticed Robin
   975 | D:2      | Reached XP level 3. HP: 28/33 MP: 3/3
   994 | D:2      | Killed Robin
  1208 | D:2      | Reached XP level 4. HP: 40/40 MP: 4/4
  1703 | D:2      | You fall into a shaft and drop 1 floor!
  1756 | D:3      | Noticed Sigmund
  1788 | D:3      | HP: 1/40 [something (3)]
  1790 | D:3      | Slain by Sigmund

Illustrated notes

Levels and vault maps discovered:
D:1:      matt_arrival_grand_opening, layout_basic, st_stairs_6
D:2:      layout_basic, minivault_27, uniq_robin
D:3:      layout_basic, lemuel_doored_altar, lemuel_zombie_altar_yredelemnul,
          minmay_misc_feat_columns, minmay_misc_feat_enclosed,
          makhleb_heckhound_becter, uniq_sigmund

Skill      XL: |  1  2  3  4 |
---------------+-------------+-----
Axes           | 3 4 |  4.0
Fighting       | 4 |  4.1
Shields        | 4 |  4.0
Armour         | 4 |  4.0
Stealth        | |  0.4

Action                   |  1- 3 |  4- 6 || total
-------------------------+-------+-------++-------
Melee: War axe           |    94 |    90 ||   184
  Use: Potion            |     2 |     3 ||     5
       Scroll            |       |     1 ||     1
Armor: Scale mail        |    37 |    37 ||    74
Dodge: Dodged            |    22 |    16 ||    38
Block: Kite shield       |    59 |    42 ||   101

Table legend: (Time is in decaauts)
 A = Elapsed time spent in this place.
 B = Non-inter-level travel time spent in this place.
 C = Inter-level travel time spent in this place.
 D = Time resting spent in this place.
 E = Time spent auto-exploring this place.
 F = Levels seen in this place.
 G = Mean time per level.
                   A        B        C        D        E       F      G
               +--------+--------+--------+--------+--------+-----+--------+
         Total |   1864 |   1849 |     15 |    142 |   1235 |   3 |  621.3 |
       Dungeon |   1864 |   1849 |     15 |    142 |   1235 |   3 |  621.3 |
               +--------+--------+--------+--------+--------+-----+--------+

Top non-repeatable levels by time:
     D:1: 926 daAuts
     D:2: 844 daAuts
     D:3: 93 daAuts
